[ AOE2 MATCH · #507196085 ]
UnrankedSaracens vs Japanese
Player's team · WIN
Rival team · LOSS
[ REPLAY ANALYSIS · EXTRACTED FROM THE RECORDED GAME ]
Feudal
16:58
Castle
24:23
Imperial
44:07
| APM avg | 43.6 |
| APM peak | 88 |
| eAPM avg | 22.0 |
| Villagers / military | 128 / 88 |
Focus
⚔️ 39.3% · 🌾 60.7%
Mameluke ×43 · Bombard Cannon ×17 · Monk ×15 · Trebuchet (Packed) ×6 · Spearman ×5 · Mangonel ×1
Feudal
14:08
Castle
25:32
Imperial
45:47
| APM avg | 39.0 |
| APM peak | 88 |
| eAPM avg | 25.3 |
| Villagers / military | 133 / 313 |
Focus
⚔️ 44.1% · 🌾 55.9%
Scout Cavalry ×106 · Samurai ×63 · Skirmisher ×62 · Militia ×25 · Scorpion ×17 · Battering Ram ×12
Match map
Initial resources + every placement click. Lines = walls · curves = elevation contours. ◆ gold · ⬟ stone · ● berries · ✦ relic · ◌ wall gap
Your base· Open — unwalled flank
[A2PL] roqueterpro's base· Open — unwalled flank
Smoothed initial terrain · ◌ = detected wall gap · hover for details
Inputs per minute
— b1gFooot - - [A2PL] roqueterpro
Build order — b1gFooot
First 150 of 332 actions detected
| 0:01 | Queue | Villager (Male) ×4 |
| 0:02 | Build | House |
| 0:04 | Build | House |
| 0:06 | Build | House |
| 1:40 | Queue | Villager (Male) |
| 2:08 | Queue | Villager (Male) |
| 2:32 | Queue | Villager (Male) |
| 3:03 | Queue | Villager (Male) ×2 |
| 3:47 | Research | Loom |
| 4:32 | Queue | Villager (Male) |
| 5:04 | Build | Mill |
| 5:17 | Queue | Villager (Male) |
| 5:17 | Queue | Villager (Male) |
| 6:05 | Queue | Villager (Male) ×3 |
| 6:11 | Build | House |
| 6:31 | Queue | Villager (Male) |
| 7:28 | Queue | Villager (Male) ×2 |
| 8:18 | Queue | Villager (Male) |
| 9:20 | Build | House |
| 9:30 | Build | Mining Camp |
| 10:36 | Build | Lumber Camp |
| 11:08 | Build | Mill |
| 11:50 | Build | Mill |
| 11:52 | Queue | Villager (Male) |
| 12:18 | Queue | Villager (Male) |
| 12:50 | Queue | Villager (Male) ×4 |
| 13:37 | Queue | Villager (Male) |
| 14:11 | Build | House |
| 14:48 | Research | Feudal Age |
| 15:46 | Build | Lumber Camp |
| 16:58 | Age | Feudal Age |
| 17:07 | Build | Watch Tower |
| 17:14 | Build | Watch Tower |
| 17:16 | Research | Wheelbarrow |
| 17:19 | Research | Double-Bit Axe |
| 17:25 | Build | Market |
| 17:44 | Build | Mill |
| 18:03 | Research | Stone Mining |
| 18:10 | Build | House |
| 18:16 | Build | House |
| 18:44 | Queue | Villager (Male) |
| 18:50 | Build | House |
| 18:52 | Build | House |
| 18:57 | Build | House |
| 19:00 | Queue | Villager (Male) |
| 19:22 | Queue | Villager (Male) |
| 19:44 | Research | Horse Collar |
| 19:46 | Queue | Villager (Male) |
| 19:52 | Queue | Villager (Male) |
| 20:40 | Build | Blacksmith |
| 20:49 | Queue | Villager (Male) |
| 21:08 | Queue | Villager (Male) |
| 21:33 | Build | Lumber Camp |
| 21:43 | Research | Castle Age |
| 22:08 | Build | Farm |
| 22:12 | Build | Farm |
| 22:15 | Build | Farm |
| 22:41 | Build | Farm |
| 22:42 | Build | Farm |
| 22:46 | Build | Farm |
| 22:53 | Build | Farm |
| 22:57 | Build | Farm |
| 23:02 | Build | Farm |
| 23:03 | Build | Farm |
| 23:42 | Research | Fletching |
| 24:08 | Build | Farm |
| 24:11 | Build | Farm |
| 24:21 | Queue | Villager (Male) |
| 24:23 | Age | Castle Age |
| 24:30 | Build | Town Center |
| 24:33 | Build | Monastery |
| 24:39 | Queue | Villager (Male) |
| 24:50 | Build | Monastery |
| 25:00 | Build | Lumber Camp |
| 25:07 | Queue | Villager (Male) |
| 25:22 | Queue | Monk |
| 25:29 | Queue | Villager (Male) |
| 25:48 | Queue | Monk |
| 25:58 | Build | Farm |
| 26:03 | Queue | Villager (Male) |
| 26:10 | Queue | Villager (Male) |
| 26:32 | Build | Castle |
| 26:34 | Queue | Monk |
| 27:09 | Queue | Villager (Male) |
| 27:11 | Queue | Villager (Male) |
| 27:12 | Queue | Villager (Male) |
| 27:28 | Queue | Villager (Male) |
| 27:56 | Queue | Villager (Male) |
| 28:01 | Build | Mill |
| 28:15 | Build | Mining Camp |
| 28:19 | Queue | Villager (Male) |
| 28:19 | Queue | Villager (Male) |
| 28:29 | Build | Farm |
| 28:30 | Build | Farm |
| 28:33 | Build | Farm |
| 28:36 | Queue | Villager (Male) |
| 28:40 | Queue | Villager (Male) |
| 28:47 | Research | Gold Mining |
| 28:53 | Queue | Villager (Male) |
| 28:56 | Queue | Villager (Male) |
| 29:35 | Research | Fervor |
| 29:37 | Queue | Villager (Male) |
| 29:41 | Queue | Villager (Male) |
| 29:52 | Queue | Mameluke |
| 30:05 | Queue | Villager (Male) |
| 30:09 | Queue | Villager (Male) |
| 30:12 | Build | Lumber Camp |
| 30:15 | Research | Bow Saw |
| 30:16 | Queue | Villager (Male) |
| 30:22 | Queue | Mameluke |
| 30:24 | Queue | Villager (Male) |
| 30:28 | Queue | Villager (Male) |
| 30:44 | Queue | Villager (Male) |
| 30:47 | Build | Monastery |
| 30:50 | Queue | Mameluke |
| 30:55 | Queue | Mameluke |
| 30:59 | Queue | Villager (Male) |
| 31:03 | Queue | Villager (Male) |
| 31:06 | Queue | Villager (Male) |
| 31:20 | Queue | Mameluke |
| 31:36 | Build | Town Center |
| 31:55 | Queue | Villager (Male) |
| 32:01 | Queue | Villager (Male) |
| 32:10 | Queue | Villager (Male) |
| 32:10 | Queue | Villager (Male) |
| 32:12 | Queue | Monk |
| 32:12 | Queue | Monk |
| 32:25 | Queue | Villager (Male) |
| 32:31 | Build | Farm |
| 32:31 | Build | Farm |
| 32:32 | Build | Farm |
| 32:34 | Build | Farm |
| 32:36 | Build | Farm |
| 32:38 | Build | Farm |
| 32:41 | Build | Farm |
| 32:42 | Build | Mill |
| 32:53 | Queue | Villager (Male) |
| 32:54 | Queue | Villager (Male) |
| 33:00 | Queue | Mameluke |
| 33:02 | Queue | Villager (Male) |
| 33:02 | Queue | Villager (Male) |
| 33:10 | Queue | Villager (Male) |
| 33:19 | Build | Farm |
| 33:21 | Build | Farm |
| 33:23 | Build | Farm |
| 33:24 | Build | Farm |
| 33:26 | Build | Farm |
| 33:27 | Build | Mill |
| 33:27 | Build | Farm |
| 33:32 | Queue | Villager (Male) |
Build order — [A2PL] roqueterpro
First 150 of 666 actions detected
| 0:00 | Queue | Villager (Male) |
| 0:01 | Queue | Villager (Male) |
| 0:02 | Build | House |
| 0:04 | Build | House |
| 0:09 | Queue | Villager (Male) |
| 0:09 | Queue | Villager (Male) |
| 1:26 | Queue | Villager (Male) |
| 2:13 | Research | Loom |
| 2:35 | Queue | Villager (Male) |
| 2:55 | Queue | Villager (Male) |
| 3:22 | Build | Lumber Camp |
| 3:40 | Queue | Villager (Male) |
| 4:13 | Build | Mill |
| 4:16 | Queue | Villager (Male) |
| 4:16 | Queue | Villager (Male) |
| 4:45 | Build | House |
| 4:47 | Build | House |
| 4:55 | Queue | Villager (Male) |
| 5:16 | Queue | Villager (Male) |
| 5:50 | Queue | Villager (Male) |
| 6:12 | Build | Mill |
| 6:26 | Queue | Villager (Male) |
| 6:26 | Queue | Villager (Male) |
| 7:22 | Queue | Villager (Male) |
| 7:22 | Queue | Villager (Male) |
| 7:59 | Queue | Villager (Male) |
| 8:09 | Build | House |
| 8:37 | Queue | Villager (Male) |
| 9:16 | Queue | Villager (Male) |
| 9:16 | Queue | Villager (Male) |
| 9:39 | Queue | Villager (Male) |
| 9:57 | Queue | Villager (Male) |
| 10:23 | Queue | Villager (Male) |
| 10:45 | Build | Barracks |
| 11:01 | Build | Outpost |
| 11:05 | Queue | Villager (Male) |
| 11:50 | Build | Mining Camp |
| 11:52 | Queue | Militia |
| 11:52 | Queue | Militia |
| 11:58 | Research | Feudal Age |
| 12:18 | Queue | Villager (Male) |
| 12:56 | Queue | Militia |
| 13:05 | Build | House |
| 13:06 | Build | House |
| 13:46 | Build | Barracks |
| 13:50 | Queue | Villager (Male) |
| 14:08 | Age | Feudal Age |
| 14:11 | Research | Man-at-Arms (upgrade) |
| 14:14 | Build | Blacksmith |
| 14:17 | Research | Double-Bit Axe |
| 14:26 | Queue | Militia |
| 14:29 | Research | Arson |
| 14:45 | Research | Horse Collar |
| 15:02 | Build | Farm |
| 15:15 | Queue | Villager (Male) |
| 15:26 | Build | Farm |
| 15:31 | Build | Farm |
| 15:33 | Build | Farm |
| 15:37 | Build | Farm |
| 15:39 | Queue | Villager (Male) |
| 16:14 | Queue | Militia |
| 16:14 | Queue | Militia |
| 16:22 | Queue | Villager (Male) |
| 16:25 | Build | Farm |
| 16:26 | Build | Farm |
| 16:34 | Build | Farm |
| 16:49 | Queue | Villager (Male) |
| 16:52 | Build | Farm |
| 17:09 | Build | Watch Tower |
| 17:15 | Queue | Villager (Male) |
| 17:18 | Build | Farm |
| 17:22 | Queue | Villager (Male) |
| 17:30 | Research | Gold Mining |
| 17:30 | Research | Gold Mining |
| 17:41 | Build | Farm |
| 17:43 | Build | Farm |
| 17:44 | Build | Farm |
| 18:02 | Queue | Villager (Male) |
| 18:13 | Research | Scale Mail Armor |
| 18:24 | Queue | Villager (Male) |
| 18:29 | Build | Farm |
| 18:44 | Build | Palisade Wall |
| 18:45 | Build | Palisade Wall |
| 18:46 | Build | Palisade Wall |
| 18:59 | Build | Palisade Wall |
| 19:00 | Queue | Villager (Male) |
| 19:00 | Queue | Villager (Male) |
| 19:03 | Build | Farm |
| 19:06 | Build | Farm |
| 19:08 | Queue | Villager (Male) |
| 19:13 | Build | House |
| 19:14 | Build | House |
| 19:26 | Build | Palisade Wall |
| 19:27 | Build | Palisade Wall |
| 19:34 | Build | Lumber Camp |
| 19:40 | Queue | Villager (Male) |
| 19:56 | Queue | Villager (Male) |
| 20:04 | Build | Farm |
| 20:06 | Queue | Villager (Male) |
| 20:40 | Queue | Villager (Male) |
| 20:53 | Research | Forging |
| 21:06 | Build | Market |
| 21:07 | Build | House |
| 21:10 | Queue | Villager (Male) |
| 21:20 | Build | House |
| 21:31 | Build | Mining Camp |
| 22:03 | Build | Palisade Wall |
| 22:04 | Build | Palisade Wall |
| 22:05 | Build | Palisade Wall |
| 22:05 | Build | Palisade Wall |
| 22:06 | Build | Palisade Wall |
| 22:07 | Build | Palisade Wall |
| 22:16 | Queue | Villager (Male) |
| 22:23 | Queue | Villager (Male) |
| 22:40 | Build | Watch Tower |
| 22:51 | Research | Castle Age |
| 22:54 | Queue | Militia |
| 23:19 | Queue | Militia |
| 23:19 | Queue | Militia |
| 23:27 | Research | Fletching |
| 23:27 | Research | Fletching |
| 23:39 | Build | Farm |
| 23:43 | Build | House |
| 24:06 | Queue | Militia |
| 24:06 | Queue | Militia |
| 24:18 | Build | Palisade Wall |
| 24:19 | Build | Palisade Wall |
| 24:19 | Build | Palisade Wall |
| 24:20 | Build | Palisade Wall |
| 24:20 | Build | Palisade Wall |
| 24:21 | Build | Palisade Wall |
| 24:21 | Build | Palisade Wall |
| 24:22 | Build | Palisade Wall |
| 24:29 | Queue | Militia |
| 24:57 | Queue | Militia |
| 24:59 | Queue | Villager (Male) |
| 25:12 | Build | Archery Range |
| 25:18 | Research | Stone Mining |
| 25:25 | Queue | Militia |
| 25:26 | Queue | Militia |
| 25:32 | Age | Castle Age |
| 25:37 | Build | Siege Workshop |
| 25:40 | Research | Chain Mail Armor |
| 25:48 | Research | Iron Casting |
| 25:56 | Research | Squires |
| 26:11 | Research | Crossbowman (upgrade) |
| 26:24 | Queue | Villager (Male) |
| 26:24 | Queue | Villager (Male) |
| 26:33 | Build | Mining Camp |
| 26:48 | Queue | Villager (Male) |
Match timeline
| 10:45 | [A2PL] roqueterpro · first_building Barracks |
| 14:08 | [A2PL] roqueterpro · age_up feudal |
| 16:58 | b1gFooot · age_up feudal |
| 18:44 | [A2PL] roqueterpro · wall_segment Palisade Wall x1 |
| 18:45 | [A2PL] roqueterpro · wall_segment Palisade Wall x1 |
| 18:46 | [A2PL] roqueterpro · wall_segment Palisade Wall x1 |
| 18:59 | [A2PL] roqueterpro · wall_segment Palisade Wall x1 |
| 19:15 | b1gFooot · first_market_sell 500 stone |
| 19:16 | b1gFooot · first_market_buy 500 food |
| 19:26 | [A2PL] roqueterpro · wall_segment Palisade Wall x1 |
| 19:27 | [A2PL] roqueterpro · wall_segment Palisade Wall x1 |
| 22:03 | [A2PL] roqueterpro · wall_segment Palisade Wall x1 |
| 22:04 | [A2PL] roqueterpro · wall_segment Palisade Wall x1 |
| 22:05 | [A2PL] roqueterpro · wall_segment Palisade Wall x1 |
| 22:05 | [A2PL] roqueterpro · wall_segment Palisade Wall x1 |
| 22:06 | [A2PL] roqueterpro · wall_segment Palisade Wall x1 |
| 22:07 | [A2PL] roqueterpro · wall_segment Palisade Wall x1 |
| 22:26 | [A2PL] roqueterpro · first_market_buy 100 stone |
| 24:18 | [A2PL] roqueterpro · wall_segment Palisade Wall x1 |
| 24:19 | [A2PL] roqueterpro · wall_segment Palisade Wall x1 |
| 24:19 | [A2PL] roqueterpro · wall_segment Palisade Wall x1 |
| 24:20 | [A2PL] roqueterpro · wall_segment Palisade Wall x1 |
| 24:20 | [A2PL] roqueterpro · wall_segment Palisade Wall x1 |
| 24:21 | [A2PL] roqueterpro · wall_segment Palisade Wall x1 |
| 24:21 | [A2PL] roqueterpro · wall_segment Palisade Wall x1 |
| 24:22 | [A2PL] roqueterpro · wall_segment Palisade Wall x1 |
| 24:23 | b1gFooot · age_up castle |
| 24:33 | b1gFooot · first_building Monastery |
| 25:12 | [A2PL] roqueterpro · first_building Archery Range |
| 25:32 | [A2PL] roqueterpro · age_up castle |
| 25:37 | [A2PL] roqueterpro · first_building Siege Workshop |
| 25:52 | [A2PL] roqueterpro · first_market_sell 100 wood |
| 26:32 | b1gFooot · first_building Castle |
| 28:22 | [A2PL] roqueterpro · first_building Castle |
| 31:12 | [A2PL] roqueterpro · first_building Monastery |
| 40:14 | b1gFooot · first_building Siege Workshop |
| 44:07 | b1gFooot · age_up imperial |
| 45:47 | [A2PL] roqueterpro · age_up imperial |
| 49:31 | b1gFooot · first_building Barracks |
| 55:13 | [A2PL] roqueterpro · first_building Stable |
| 65:29 | [A2PL] roqueterpro · resign |
[ AI ANALYSIS · 1 CREDIT ]
What really happened in this match?
Wolo.gg analyzes every decision: build order, eco, micro, common mistakes by bracket. Personalized analysis on WhatsApp or Discord in 30 seconds.
Civ guide
Saracens
Perfil
Jugador #12072685